 Dungeon Crawl Stone Soup version 0.28.0-53-g5a82cb258f (webtiles) character file.

Game seed: 7365771324507053782

17 styxcanada the Sneak (level 2, -2/14 HPs)
             Began as a Spriggan Brigand on July 3, 2022.
             Slain by Natasha (8 damage)
             ... on level 2 of the Dungeon.
             The game lasted 00:02:57 (1073 turns).

styxcanada the Sneak (Spriggan Brigand)             Turns: 1073, Time: 00:02:57

Health: -2/14      AC:  3    Str:  7    XL:     2   Next: 44%
Magic:  3/3        EV: 16    Int: 12    God:
Gold:   18         SH:  0    Dex: 16    Spells: 1/1 levels left

rFire   . . .      SeeInvis +   a - +2 dagger
rCold   . . .      Faith    .   (no shield)
rNeg    . . .      Spirit   .   b - +0 robe
rPois   .          Reflect  .   (helmet restricted)
rElec   .          Harm     .   c - +0 cloak
rCorr   .          Rampage  .   (gloves unavailable)
Will    .....                   (boots unavailable)
Stlth   +++.......              (no amulet)
HPRegen 0.04/turn               (no ring)
MPRegen 0.08/turn               (no ring)

@: very quick
A: very small, no large weapons, unfitting armour, see invisible, speed 3
a: no special abilities


You were on level 2 of the Dungeon.
You visited 1 branch of the dungeon, and saw 2 of its levels.

You collected 18 gold pieces.

Inventory:

Hand Weapons
 a - a +2 dagger (weapon)
Missiles
 d - 8 poisoned darts (quivered)
 e - 2 curare-tipped darts
 g - 2 throwing nets
Armour
 b - a +0 robe (worn)
 c - a +0 cloak (worn)
Scrolls
 f - a scroll of magic mapping {unknown}
 i - a scroll of teleportation
Potions
 h - a potion of resistance {unknown}


   Skills:
 * Level 1.6 Fighting
 + Level 2.3 Short Blades
 + Level 2.0 Throwing
 * Level 1.6 Dodging
 * Level 6.7 Stealth


You had one spell level left.
You didn't know any spells.
Your spell library was empty.

Dungeon Overview and Level Annotations

Branches:
Dungeon (2/15)

Altars:

Annotations:
D:2 Natasha


Innate Abilities, Weirdness & Mutations

You are very small and have problems with some larger weapons.
You are too small for most types of armour.
You have supernaturally acute eyesight. (SInv)
You cover ground extremely quickly. (Speed+++)


Message History

Things that are here:
a +0 dagger; a worm corpse; a goblin corpse
There is an open door here.
d - 4 poisoned darts (gained 1)
d - 5 poisoned darts (gained 1)
d - 6 poisoned darts (gained 1)
d - 7 poisoned darts (gained 1)
d - 8 poisoned darts (gained 1)
You start resting.
HP restored.
Found a stone staircase leading down.
i - a scroll of teleportation You open the door.
There is a stone staircase leading down here.
Natasha, Servant of Life and Death comes into view.
Found a leather armour.
There is an open door here.
Found a scale mail.
A goblin comes into view. It is wielding a +0 dagger.
Natasha hisses angrily.
The goblin shouts!
The goblin unwields a +0 dagger.
The goblin wields a +0 hunting sling.
The goblin shoots a stone.
The stone completely misses you. Natasha completely misses you.
The goblin shoots a stone.
The stone closely misses you.
You barely miss the goblin.
The goblin unwields a +0 hunting sling.
The goblin wields a +0 dagger.
The goblin closely misses you.
Natasha drinks a potion.
Natasha seems to speed up.
You barely miss the goblin. The goblin misses you.
Natasha stares at you and mumbles some strange words.
The magic dart hits you!
Ouch! That really hurt!
You hit the goblin.
The goblin is heavily wounded.
Natasha barely misses you. The goblin hits you but does no damage.
You closely miss the goblin.
The goblin is heavily wounded.
Natasha claws you!
Ouch! That really hurt!
You die...

............####........
...........>'..........
............#.......#
.........####.......#
###...... #.......#
...... #.......# ......
#.......# ... #.[.h...#
#...@...# #...g...#
#.......# #.......#
#########


You could see Natasha (fast) and a goblin.

Vanquished Creatures
  A worm (D:2)
  A dart slug (D:1)
  An endoplasm (D:1)
  2 goblins
  2 hobgoblins (D:1)
  2 ball pythons (D:1)
  2 bats
  2 frilled lizards (D:1)
13 creatures vanquished.

Notes
Turn   | Place    | Note
-------+----------+-------------------------------------------
     0 | D:1      | styxcanada the Spriggan Brigand began the quest for the
                  | Orb.
     0 | D:1      | Reached XP level 1. HP: 10/10 MP: 2/2
   144 | D:1      | Reached skill level 6 in Stealth
   374 | D:1      | Found a faded altar of an unknown god.
   390 | D:1      | Reached XP level 2. HP: 12/14 MP: 3/3
  1061 | D:2      | Noticed Natasha
  1073 | D:2      | Slain by Natasha

Illustrated notes

Levels and vault maps discovered:
D:1:      lemuel_arrival_lava_pool, layout_basic,
          shapermc_ecumenical_altar_totnotflames
D:2:      layout_basic, uniq_natasha

Skill      XL: |  1 |
---------------+----+-----
Stealth        | 6 |  6.7
Fighting       | |  1.6
Short Blades   | |  2.3
Throwing       | |  2.0
Dodging        | |  1.6

Action                   || total
-------------------------++-------
Melee: Dagger            ||    46
Throw: Dart              ||     6
  Use: Scroll            ||     1
 Stab: Sleeping          ||     2
Armor: Robe              ||     9
Dodge: Dodged            ||    30
